[Event "*** SCC Grand Prix: Titled Tuesday Blitz"]
[Site "Chess.com"]
[Date "2020.07.14"]
[Round "9"]
[White "DariaVoit"]
[Black "XDPS"]
[Result "1-0"]
[WhiteElo "2516"]
[BlackElo "2681"]
[TimeControl "180+1"]
[EndTime "11:47:52 PDT"]
[Termination "DariaVoit won on time"]

1. d4 d5 2. Nf3 Nf6 3. c4 e6 4.
g3 g6 5. Bg2 Bg7 6. O-O O-O 7.
Qc2 c6 8. b4 b6 9. Bb2 Bb7 10.
Nbd2 Nbd7 11. Rfd1 Rc8 12. c5 Qc7 13. Rdc1 Rfe8 14.
Bh3 Qb8 15. Ne1 Ba6 16. Nd3 Rc7 17. f4 Ne4 18. Nxe4 dxe4 19. Ne5 bxc5 20. bxc5 Nxe5 21.
fxe5 Rb7 22. Bc3 Bc4 23. Bg2 Bd5 24. Bxe4 Qd8 25. Rcb1 Rxb1+ 26. Rxb1 Qd7 27. e3 Bh6 28. Re1 Rb8 29. Qg2 Qb7 30. Bxd5 cxd5 31. Qc2 Qb5 32.
Bd2 Bf8 33. Kf2 Bg7 34. Rc1 Qc6 35. Rb1 Rc8 36. Qb3 Qe8 37. Qb5 Qf8 38. Qd7 Rd8 39. Qc7 Rc8 40. Qd6 Qe8 41. Rb7 Bf8 42. Qd7 Qxd7 43.
Rxd7 a6 44. Ra7 Rc6 45. Ke2 Kg7 46. Kd3 g5 47. e4 dxe4+ 48. Kxe4 h6 49. Ba5 Kg6 50.
Bb6 f5+ 51. exf6 Kxf6 52. Rxa6 Bg7 53. Bd8+ 1-0

[Event "*** SCC Grand Prix: Titled Tuesday Blitz"]
[Site "Chess.com"]
[Date "2020.07.14"]
[Round "9"]
[White "ShahMatKanal"]
[Black "northridgehawk"]
[Result "1-0"]
[WhiteElo "2503"]
[BlackElo "2350"]
[TimeControl "180+1"]
[EndTime "11:47:52 PDT"]
[Termination "ShahMatKanal won by resignation"]

1. e4 e5 2. Nf3 Nc6 3. Bb5 a6 4. Ba4 Nf6 5. O-O b5 6. Bb3 Bc5 7. d3 d6 8. a4 Rb8 9. axb5 axb5 10. Be3 Bxe3 11. fxe3 O-O 12. Nbd2 Qe7 13. Qe1 Be6 14. Nh4 Bxb3 15. Nxb3 Qe6 16. Nf5 d5 17. Nc5 Qc8 18.
Qg3 Nh5 19. Qg5 g6 20. g4 f6 21. Qh6 gxf5 22. gxh5 dxe4 23. Kh1 Rf7 24. dxe4 Ne7 25. Ra6 c6 26. Ra7 Qf8 27. Qxf8+ Rbxf8 28. Ne6 Rc8 29. Rg1+ Kh8 30. exf5 e4 31. h6 c5 32. Rg7 Rxg7 33.
hxg7+ Kg8 34. Rxe7 c4 35. h4 b4 36. h5 c3 37. b3 h6 38. Rd7 Ra8 39. Rd8+ Rxd8 40.
Nxd8 Kxg7 41. Nc6 Kf7 42. Nxb4 Ke7 43. Nd5+ Kd6 44. Nxc3 Ke5 45. b4 Kxf5 46. b5 Ke5 47. b6 Kd6 48. Nxe4+ Kc6 49. Nxf6 Kxb6 50. Ng4 Kc5 51.
Nxh6 Kd5 52. Ng4 Ke6 53. h6 Kf7 54. c4 Kg6 55. c5 Kf5 56. c6 Ke6 57. c7 Kd7 58. h7 Kxc7 59. h8=Q Kd6 60. Qe5+ Kc6 61. Qd4 Kb5 62. e4 Kc6 63. e5 1-0

[Event "*** SCC Grand Prix: Titled Tuesday Blitz"]
[Site "Chess.com"]
[Date "2020.07.14"]
[Round "9"]
[White "SzMM19"]
[Black "Dr_crypt"]
[Result "1/2-1/2"]
[WhiteElo "2552"]
[BlackElo "2398"]
[TimeControl "180+1"]
[EndTime "11:47:54 PDT"]
[Termination "Game drawn - insufficient material"]

1. e4 d5 2. exd5 Qxd5 3. Nc3 Qd6 4. d4 c6 5. Nf3 Bg4 6. h3 Bh5 7. Be3 e6 8. Be2 Nd7 9. O-O Ngf6 10. Qd2 Qc7 11.
Rad1 Bd6 12. Ng5 Bxe2 13. Qxe2 h6 14. Nge4 Bf4 15. g3 Bxe3 16. Qxe3 O-O 17. Rfe1 Rad8 18. Kg2 Rfe8 19. Nxf6+ Nxf6 20. Ne2 e5 21. dxe5 Rxd1 22.
Rxd1 Nd5 23. Qf3 Qxe5 24. Nd4 Qe4 25. c4 Qxf3+ 26. Kxf3 Nf6 27. Nf5 Re5 28. g4 g6 29. Rd8+ Re8 30. Rxe8+ Nxe8 31. Nxh6+ Kg7 32. g5 f5 33. gxf6+ Kxf6 34. Ng4+ Kf5 35. Ke3 Nd6 36. b3 Nf7 37. f4 g5 38. fxg5 Nxg5 39. Nf2 Ne6 40.
Nd3 b6 41. h4 c5 42. h5 Kg5 43. Ke4 Nd4 44. b4 Kxh5 45. bxc5 bxc5 46. Nxc5 Nc2 47. Kd5 Nb4+ 48. Kd6 Nxa2 49. Nd3 Nc3 50. Kc5 a5 51. Kd4 Na4 52. c5 Nxc5 53. Kxc5 a4 54. Kb4 a3 55.
Kxa3 1/2-1/2

[Event "*** SCC Grand Prix: Titled Tuesday Blitz"]
[Site "Chess.com"]
[Date "2020.07.14"]
[Round "9"]
[White "WildTricks"]
[Black "Pavel_Mir"]
[Result "1-0"]
[WhiteElo "2510"]
[BlackElo "2353"]
[TimeControl "180+1"]
[EndTime "11:47:54 PDT"]
[Termination "WildTricks won by resignation"]

1. e4 g6 2. Nf3 Bg7 3. d4 d6 4.
Bc4 Nf6 5. Qe2 O-O 6. e5 dxe5 7. dxe5 Nd5 8. h3 Nc6 9. O-O Nb6 10. Rd1 Qe8 11. Bb3 Na5 12. Nc3 Nxb3 13. axb3 c6 14. Ne4 Bf5 15. Ng3 Be6 16. Be3 Qb8 17. Bc5 Qc7 18.
Ne4 Bd5 19. c4 Be6 20. Neg5 Bf5 21. g4 Bc8 22. Qe3 Be6 23. Nxe6 fxe6 24. Ng5 Qxe5 25. Nxe6 Qxe3 26. Bxe3 Rfc8 27. Nxg7 Kxg7 28. Bxb6 axb6 29.
Rxa8 Rxa8 30. Rd7 Kf7 31. Rxb7 Ra6 32. Rc7 c5 33. Kf1 Ra1+ 34. Kg2 Ra2 35. Rb7 Ra6 36. Kf1 Ra1+ 37. Ke2 Ra6 38. Kd2 Ke6 39. Kc3 Kd6 40. b4 cxb4+ 41. Kxb4 Ra2 42. Rxb6+ Kc7 43. Kc5 Ra5+ 44.
Rb5 Ra6 45. Kd5 Rf6 46. Ra5 Rxf2 47. Ra7+ Kd8 48. b4 Rd2+ 49. Kc5 h5 50. b5 hxg4 51.
hxg4 e5 52. Kc6 e4 53. b6 e3 54. b7 Rb2 55. Ra8+ Ke7 56. b8=Q e2 57. Qe8+ 1-0

[Event "*** SCC Grand Prix: Titled Tuesday Blitz"]
[Site "Chess.com"]
[Date "2020.07.14"]
[Round "9"]
[White "TST2014"]
[Black "ARTHURMOTIVATOR"]
[Result "1-0"]
[WhiteElo "2492"]
[BlackElo "2342"]
[TimeControl "180+1"]
[EndTime "11:47:54 PDT"]
[Termination "TST2014 won on time"]

1. d4 Nf6 2. c4 c5 3. d5 g6 4. Nc3 Bg7 5. e4 d6 6. h3 O-O 7. Nf3 e6 8. Bd3 Na6 9. O-O e5 10. Bg5 h6 11. Be3 Nh7 12. Qc1 f5 13. Bxh6 f4 14. Bxg7 Kxg7 15. a3 Ng5 16. Be2 Nxf3+ 17. Bxf3 Qg5 18. Kh2 Rh8 19. Rh1 Bxh3 20. Kg1 Bg4 21.
Rxh8 Rxh8 22. Qd1 Qh4 23. Kf1 Qh1+ 24. Ke2 Qxg2 25. Bxg4 Qxg4+ 26. Kd2 Qxd1+ 27. Rxd1 Nc7 28. b4 b6 29. bxc5 dxc5 30. a4 Rh2 31. Ke2 g5 32.
a5 g4 33. axb6 axb6 34. Rg1 g3 35. Nd1 Kf6 36. Kf3 g2 37. Rxg2 Rh3+ 38. Kg4 Rd3 39. Nb2 Rd2 40. Na4 b5 41. Nxc5 bxc4 42. Nd7+ Ke7 43.
Nxe5 c3 44. Rg1 c2 45. Rc1 Nb5 46. Ng6+ Kf6 47. Nxf4 Nd4 48. d6 Rd1 49. e5+ Kxe5 50. d7 Rxc1 51. d8=Q Rg1+ 52. Kh5 c1=Q 53. Nd3+ 1-0

[Event "*** SCC Grand Prix: Titled Tuesday Blitz"]
[Site "Chess.com"]
[Date "2020.07.14"]
[Round "9"]
[White "JoakimVonAnd"]
[Black "Terao90"]
[Result "1-0"]
[WhiteElo "2451"]
[BlackElo "2282"]
[TimeControl "180+1"]
[EndTime "11:47:54 PDT"]
[Termination "JoakimVonAnd won on time"]

1. d4 Nf6 2. c4 e6 3. Nc3 Bb4 4. e3 O-O 5. Bd3 d5 6. Nf3 c5 7. cxd5 Nxd5 8. O-O cxd4 9. Nxd4 Nxc3 10. bxc3 Be7 11.
Bb2 Nd7 12. c4 a6 13. Rb1 Nc5 14. Bc2 Qc7 15. Qh5 h6 16. Nf3 Nd7 17. Ne5 Nf6 18.
Qf3 Rd8 19. Ng4 Nxg4 20. Qxg4 Bf8 21. Rfd1 Bd7 22. Qe4 f5 23. Qe5 Qxe5 24. Bxe5 Bc6 25. f3 Kf7 26. Kf2 Bc5 27. Ke2 g5 28. e4 f4 29. g3 Be3 30. gxf4 gxf4 31. Rxd8 Rxd8 32. Bc3 Rg8 33. Kd3 Rg2 34. a4 Rxh2 35. a5 h5 36. Rb4 h4 37. Ba4 Bxa4 38. Rxa4 h3 39. Rb4 Rg2 40. Rxb7+ Kg8 41. Rb8+ Kf7 42. Rb7+ Ke8 43. Rh7 h2 44. Be5 Ra2 45. c5 Ra3+ 46. Kc4 Ra4+ 47.
Kb3 1-0

[Event "*** SCC Grand Prix: Titled Tuesday Blitz"]
[Site "Chess.com"]
[Date "2020.07.14"]
[Round "9"]
[White "benko_008"]
[Black "korkmaz16"]
[Result "1-0"]
[WhiteElo "2439"]
[BlackElo "2320"]
[TimeControl "180+1"]
[EndTime "11:47:54 PDT"]
[Termination "benko_008 won by resignation"]

1. Nf3 d5 2. g3 Nf6 3. Bg2 g6 4.
b3 Bg7 5. Bb2 O-O 6. O-O c5 7.
e3 Nc6 8. Ne5 Qc7 9. Nxc6 bxc6 10. d3 e5 11. Nd2 Re8 12. c4 Bf5 13. Qc2 Rad8 14. cxd5 cxd5 15. e4 dxe4 16. dxe4 Bg4 17. Nc4 Nd7 18. h3 Be6 19. Rfd1 Nb8 20. Bf1 Nc6 21.
Rxd8 Rxd8 22. Qc3 Nd4 23. Kh2 f5 24. exf5 gxf5 25. Qa5 Qc8 26. Bg2 Bxc4 27. bxc4 e4 28. Rd1 Rd7 29. Ba3 Bf8 30. Rb1 Nc6 31. Qa4 Rd2 32.
Rb2 Rxb2 33. Bxb2 Qb7 34. Qc2 Nd4 35. Qd2 Qd7 36. Qf4 Bg7 37. Ba3 h6 38. g4 fxg4 39. hxg4 Nc6 40. Qf5 Be5+ 41. Kh3 Qxf5 42. gxf5 Bd4 43.
Bxe4 Ne5 44. Bd5+ Kg7 45. f4 Kf6 46. fxe5+ Kxe5 47. Bc1 Kxf5 48. Bxh6 Ke5 49. Bg7+ Kd6 50. Bxd4 cxd4 51. Kg3 Kc5 52. Kf3 d3 53. Ke3 Kb4 54.
Kxd3 Ka3 55. c5 Kb4 56. c6 Kc5 57. c7 Kd6 58. c8=Q 1-0

[Event "*** SCC Grand Prix: Titled Tuesday Blitz"]
[Site "Chess.com"]
[Date "2020.07.14"]
[Round "9"]
[White "Biranidun"]
[Black "Konavets"]
[Result "1-0"]
[WhiteElo "2886"]
[BlackElo "3037"]
[TimeControl "180+1"]
[EndTime "11:47:55 PDT"]
[Termination "Biranidun won by resignation"]

1. e4 c6 2. d4 d5 3. e5 Bf5 4. Nf3 e6 5. Be2 Ne7 6. O-O h6 7. c3 Nd7 8. Nbd2 g5 9. Re1 Bg7 10. Nf1 Qc7 11. a4 O-O-O 12. a5 f6 13. exf6 Nxf6 14.
Ng3 Ne4 15. a6 b6 16. Bd3 Nxg3 17. hxg3 Ng6 18. g4 Bxd3 19. Qxd3 Qf7 20. Bd2 Rhf8 21. Re2 Rde8 22. Rae1 Kb8 23. c4 Nh4 24. Nxh4 gxh4 25. cxd5 cxd5 26. Bc3 Rg8 27. Qh3 Bf6 28. g5 hxg5 29. Rxe6 g4 30. Rxe8+ Rxe8 31. Rxe8+ Qxe8 32. Qxg4 Qe7 33. Qg8+ Kc7 34. Qxd5 Qd7 35. Qb7+ Kd8 36.
Qxd7+ Kxd7 37. Kh2 Kd6 38. Kh3 Kd5 39. Kg4 b5 40. f3 Be7 41. b3 b4 42. Be1 Bf6 43.
Bxh4 Bxd4 44. Be1 Bc5 45. Kf5 Be7 46. Bf2 Kc6 47. Bxa7 Kb5 48. Ke6 Bh4 49. Bd4 Kxa6 50. Kd5 Kb5 51. f4 Ka6 52. f5 Kb7 53. f6 Kc7 54.
Ke6 Kc6 55. f7 1-0

[Event "*** SCC Grand Prix: Titled Tuesday Blitz"]
[Site "Chess.com"]
[Date "2020.07.14"]
[Round "9"]
[White "carlesdc96"]
[Black "Shield12"]
[Result "0-1"]
[WhiteElo "2721"]
[BlackElo "2861"]
[TimeControl "180+1"]
[EndTime "11:47:56 PDT"]
[Termination "Shield12 won by checkmate"]

1. Nf3 c5 2. g3 g6 3. Bg2 Bg7 4. O-O Nc6 5. c4 Nf6 6. Nc3 d5 7. cxd5 Nxd5 8. d3 O-O 9. Bd2 Nc7 10. Rc1 b6 11. a3 Bb7 12. Qa4 a5 13. Qh4 e5 14.
Qxd8 Rfxd8 15. Ne1 Rab8 16. Nc2 Ne6 17. Ne3 Ncd4 18.
Bxb7 Rxb7 19. a4 f5 20. Nc4 Nb3 21. Rcd1 e4 22. Be3 exd3 23. Rxd3 Rxd3 24. exd3 Nbd4 25. Kg2 Nc6 26. Re1 Nb4 27. Bd2 Nf8 28. Re8 Nxd3 29. Be3 Nxb2 30. Nxb2 Bxc3 31. Nc4 Bd4 32. Bh6 Bg7 33.
Bf4 h6 34. Rc8 g5 35. Bc7 Kh7 36. Nd6 Ra7 37. Bxb6 Rd7 38. Bxc5 Ne6 39. Ba3 Nd4 40. Nc4 Rb7 41. Nxa5 Ra7 42. Bc5 Rxa5 43. Rc7 Ne6 44. Bb6 Rxa4 45. Re7 Re4 46. f3 Nf4+ 47. gxf4 Rxe7 48.
fxg5 hxg5 49. Kf2 Kg6 50. Bd8 Re6 51. Bc7 Bd4+ 52. Kg3 Re1 53. Kg2 Rg1+ 54. Kh3 Kh5 55. Bg3 g4+ 56. fxg4+ fxg4# 0-1

[Event "*** SCC Grand Prix: Titled Tuesday Blitz"]
[Site "Chess.com"]
[Date "2020.07.14"]
[Round "9"]
[White "Grischuk"]
[Black "Bulldog167"]
[Result "1-0"]
[WhiteElo "3041"]
[BlackElo "2750"]
[TimeControl "180+1"]
[EndTime "11:47:58 PDT"]
[Termination "Grischuk won by resignation"]

1. e4 e6 2. d4 d5 3. e5 c5 4. c3 Nc6 5. Nf3 Bd7 6. Be2 Nge7 7. O-O Ng6 8. g3 Be7 9. h4 cxd4 10.
cxd4 O-O 11. Na3 f6 12. exf6 Bxf6 13. Nc2 Nge7 14. Bg5 Nf5 15. Qd2 Nd6 16. Rad1 Ne4 17. Qe3 h6 18. Bxf6 Qxf6 19. Nce1 Be8 20. Nd3 Bh5 21.
Kg2 Bxf3+ 22. Bxf3 Qxd4 23. Qxd4 Nxd4 24. Bxe4 dxe4 25.
Nc5 Rac8 26. Nxe4 e5 27. Rc1 Ne2 28. Rxc8 Rxc8 29. Rd1 Nd4 30. Rd2 Rc6 31. f4 Nf5 32. fxe5 Re6 33. Kf3 Rxe5 34. Kf4 Ra5 35. b4 Rb5 36. a4 Rxb4 37. Kxf5 Rxa4 38. Rd8+ Kh7 39. Rd7 Ra5+ 40. Kf4 b5 41. Rb7 Kg8 42. h5 a6 43.
Nc5 Ra1 44. Ne6 Rf1+ 45. Kg4 Rf6 46. Nxg7 Rf7 47. Rxf7 Kxf7 48. Nf5 b4 49. Nd4 a5 50.
Kf5 a4 51. Nc2 b3 52. Na3 b2 53. g4 Ke7 54. Nb1 Kd6 55. g5 hxg5 56. h6 a3 57.
Nxa3 b1=Q+ 58. Nxb1 1-0

[Event "*** SCC Grand Prix: Titled Tuesday Blitz"]
[Site "Chess.com"]
[Date "2020.07.14"]
[Round "9"]
[White "Steven_Rojas"]
[Black "RoelandPruijssers"]
[Result "1-0"]
[WhiteElo "2419"]
[BlackElo "2576"]
[TimeControl "180+1"]
[EndTime "11:47:58 PDT"]
[Termination "Steven_Rojas won on time"]

1. c4 f5 2. Nf3 Nf6 3. g3 g6 4. Bg2 Bg7 5. O-O O-O 6. Nc3 d6 7. d4 Qe8 8. d5 Na6 9. Nd4 Bd7 10. b3 c6 11. dxc6 bxc6 12. Bb2 Nc5 13. b4 Nce4 14. Nxe4 Nxe4 15. Qc2 Rb8 16. a3 a5 17. b5 cxb5 18. cxb5 Bxb5 19. Nxb5 Bxb2 20. Bxe4 fxe4 21. Nc7 Qf7 22.
Rab1 Bxa3 23. Rxb8 Rxb8 24. Qxe4 Bc5 25. Na6 Rc8 26.
Qb7 Qe6 27. Nc7 Rxc7 28. Qxc7 a4 29. Qb8+ Kg7 30. Qa8 Qb3 31. Qf3 Qxf3 32. exf3 Bd4 33. Rd1 Bb2 34. Rd5 a3 35. Ra5 Kf6 36. Kf1 d5 37. Ke2 Ke5 38. Kd3 e6 39. f4+ Kf5 40. f3 h5 41. h3 Kf6 42. Kc2 Ke7 43. Ra7+ Kf6 44. Kb3 e5 45. Ra6+ Kf5 46. fxe5 Bxe5 47. g4+ Kf4 48. Rxa3 Kxf3 49. Kc2+ Kf4 50. gxh5 gxh5 51.
Kd3 Kg5 52. Ke2 Kh4 53. Ra5 1-0

[Event "*** SCC Grand Prix: Titled Tuesday Blitz"]
[Site "Chess.com"]
[Date "2020.07.14"]
[Round "9"]
[White "mr65"]
[Black "AlanZhang"]
[Result "1/2-1/2"]
[WhiteElo "2091"]
[BlackElo "2201"]
[TimeControl "180+1"]
[EndTime "11:47:58 PDT"]
[Termination "Game drawn - insufficient material"]

1. e4 e5 2. Nf3 Nc6 3. d4 exd4 4. Nxd4 Bc5 5. Nb3 Bb6 6. Nc3 d6 7. Qe2 h6 8. Be3 Nf6 9. O-O-O Be6 10. h3 g5 11. f4 gxf4 12. Bxf4 Qe7 13. Nd5 Bxd5 14.
exd5 Nb4 15. Qxe7+ Kxe7 16. Bc4 Nxa2+ 17. Kb1 Nb4 18. Rhe1+ Kd7 19. Rf1 Ne4 20. c3 Na6 21. Bxa6 bxa6 22. Nd4 Bxd4 23. Rxd4 f5 24. g4 Rab8 25.
Kc2 Ng5 26. h4 Nf7 27. gxf5 Rbe8 28. Bd2 Rhg8 29. Re1 Rxe1 30. Bxe1 Ne5 31. Rf4 Ke7 32. Bd2 Kf6 33. Rf2 Rg4 34. Bxh6 Rxh4 35. Be3 Ng4 36.
Bd4+ Kg5 37. f6 Nxf2 38. f7 Rf4 39. Be3 Kg6 40. Bxf4 Kxf7 41. Be3 Ne4 42. Bxa7 Ke7 43. b4 Kd7 44. c4 c6 45. dxc6+ Kxc6 46. Bg1 d5 47.
cxd5+ Kxd5 48. Kb3 Kc6 49. Ka4 Nc3+ 50. Kb3 Nd5 51. Bh2 Kb5 52. Bg1 a5 53. Bh2 axb4 54. Bd6 Ne3 55. Bxb4 1/2-1/2

[Event "*** SCC Grand Prix: Titled Tuesday Blitz"]
[Site "Chess.com"]
[Date "2020.07.14"]
[Round "9"]
[White "aripov96"]
[Black "chargemax23"]
[Result "1-0"]
[WhiteElo "2441"]
[BlackElo "2639"]
[TimeControl "180+1"]
[EndTime "11:48:00 PDT"]
[Termination "aripov96 won by resignation"]

1. e4 g6 2. d4 Bg7 3. Nf3 c6 4. c3 d6 5. Bd3 Nd7 6. O-O e5 7.
Nbd2 Ngf6 8. Nc4 Qc7 9. a4 a5 10. b3 O-O 11. Ba3 c5 12. dxe5 dxe5 13. Qe2 b6 14. Rfd1 Bb7 15. Bc2 Rad8 16. Nd6 Bc6 17. b4 Nh5 18. g3 Nhf6 19. bxa5 bxa5 20. Rab1 Nb6 21. Nb5 Qe7 22. Rxd8 Rxd8 23. Qe3 Nfd7 24. Bb3 h6 25. Rd1 Kh7 26. Nd6 Bxa4 27. Bxa4 Nxa4 28. Nb7 Rc8 29. Nxa5 Qe6 30. c4 Nab6 31. Qb3 Ra8 32. Qb5 Qg4 33. Rd3 Qxe4 34. Re3 Qf5 35. Bxc5 e4 36. Bxb6 Qxb5 37. cxb5 Nxb6 38. Nc6 exf3 39. Rxf3 Rf8 40. Rd3 Bf6 41. Ra3 Nd5 42. Ra6 Rc8 43. Kg2 Kg7 44. Na7 Rc5 45. Rd6 Be7 46.
Rd7 Kf6 47. b6 Ke6 48. b7 Kxd7 49. b8=Q Ke6 50. Qb7 Bd6 51. Qa6 Rc7 52. Nb5 Rd7 53. Qc6 Ne7 54. Nd4+ Kf6 55. Qxd7 1-0

[Event "*** SCC Grand Prix: Titled Tuesday Blitz"]
[Site "Chess.com"]
[Date "2020.07.14"]
[Round "9"]
[White "Paladin61"]
[Black "fighter2jz"]
[Result "1/2-1/2"]
[WhiteElo "2675"]
[BlackElo "2817"]
[TimeControl "180+1"]
[EndTime "11:48:01 PDT"]
[Termination "Game drawn by repetition"]

1. b3 Nf6 2. Bb2 e6 3. g3 c5 4. Bg2 Nc6 5. c4 b6 6. Nf3 Bb7 7. O-O Be7 8. Nc3 O-O 9. d4 d5 10. dxc5 dxc4 11. Ne5 Qc8 12. Nxc4 Bxc5 13. Nd6 Bxd6 14. Qxd6 Rd8 15. Qf4 Nd4 16. Rfd1 Qxc3 17. Bxc3 Nxe2+ 18. Kf1 Nxf4 19. Bxb7 N4d5 20. Bxf6 gxf6 21.
Bxa8 Rxa8 22. Rac1 Kf8 23. Rd4 f5 24. Kg2 Rd8 25. Kf3 Kg7 26. Rdc4 Nf6 27. Ke2 Nd5 28. Rc8 Rd7 29. a3 a5 30. R8c2 Kf6 31. Rc6 Ke5 32. Rc8 f4 33. Rh8 Nf6 34. Rb8 Nd5 35.
Rbc8 fxg3 36. hxg3 f5 37. Rh1 Nf6 38. Rc2 f4 39. Rd1 Nd5 40. Rh1 Rg7 41. Rh5+ Kd6 42.
Kf3 fxg3 43. fxg3 Rf7+ 44. Ke2 Rg7 45. Kf3 Rf7+ 46. Ke2 Rg7 47. Kf3 1/2-1/2

[Event "*** SCC Grand Prix: Titled Tuesday Blitz"]
[Site "Chess.com"]
[Date "2020.07.14"]
[Round "9"]
[White "AldokhinIvan"]
[Black "marianokar"]
[Result "1-0"]
[WhiteElo "2594"]
[BlackElo "2435"]
[TimeControl "180+1"]
[EndTime "11:48:01 PDT"]
[Termination "AldokhinIvan won by checkmate"]

1. e4 c6 2. Nc3 d5 3. d4 dxe4 4. Nxe4 Bf5 5. Ng3 Bg6 6. h4 h6 7. Nh3 e6 8. Nf4 Bh7 9. Be3 Bd6 10. Ngh5 Kf8 11. Qg4 g6 12. Ng3 Nf6 13. Qf3 Kg7 14. O-O-O Nbd7 15. Nd3 Nd5 16. Ne4 Be7 17. Bd2 f5 18.
Nec5 Nxc5 19. Nxc5 Bxc5 20. dxc5 Qe7 21. c4 Qxc5 22.
Bc3+ Kf7 23. cxd5 cxd5 24. Kb1 Rhd8 25. Qf4 d4 26. Rxd4 e5 27. Qxh6 exd4 28. Qxh7+ Kf6 29. Bd2 d3 30. Bg5+ Ke6 31. Bxd3 Rxd3 32. Re1+ Kd6 33. Be7+ Kc6 34. Bxc5 Rad8 35. Qe7 R8d7 36. Qf8 Rd1+ 37. Rxd1 Rxd1+ 38. Kc2 Rd5 39. Be3 a6 40. Qc8+ Kd6 41.
Bf4+ Ke7 42. Qxb7+ Rd7 43. Qxa6 Rd5 44. Qxg6 Rc5+ 45. Kd3 Rd5+ 46. Kc4 Rd7 47. Be5 Kd8 48. Qg8+ Ke7 49. Qg7+ Ke6 50. Qf6# 1-0

[Event "*** SCC Grand Prix: Titled Tuesday Blitz"]
[Site "Chess.com"]
[Date "2020.07.14"]
[Round "9"]
[White "Fischerev7"]
[Black "pastouche06"]
[Result "0-1"]
[WhiteElo "2366"]
[BlackElo "2526"]
[TimeControl "180+1"]
[EndTime "11:48:02 PDT"]
[Termination "pastouche06 won by resignation"]

1. e4 c6 2. d4 d5 3. exd5 cxd5 4. c4 Nf6 5. Nc3 Nc6 6. Nf3 Be6 7. c5 g6 8. Bb5 Bg7 9. Ne5 Bd7 10. Bxc6 Bxc6 11. O-O O-O 12. Re1 Nd7 13. f4 e6 14. b4 a6 15. a4 Nxe5 16. fxe5 f6 17. Bf4 g5 18.
Bg3 f5 19. Qd3 f4 20. Bf2 g4 21. b5 Be8 22. Ne2 Qg5 23. bxa6 bxa6 24. Qd2 Bh6 25.
g3 f3 26. Qxg5+ Bxg5 27. Nc3 Bg6 28. Be3 Bxe3+ 29. Rxe3 Rab8 30. Ra2 Rb3 31. Kf2 Rfb8 32. h3 Rb2+ 33. Rxb2 Rxb2+ 34. Kf1 gxh3 35. Kg1 Be4 36.
Nxe4 dxe4 37. Rxe4 Rg2+ 38. Kh1 f2 39. Rg4+ Kh8 40.
Rf4 Rg1+ 41. Kh2 f1=Q 42. Rxf1 Rxf1 43. d5 exd5 44. c6 Rc1 45. e6 Rxc6 46. e7 Re6 0-1

[Event "*** SCC Grand Prix: Titled Tuesday Blitz"]
[Site "Chess.com"]
[Date "2020.07.14"]
[Round "9"]
[White "Zurability"]
[Black "ditkin25"]
[Result "0-1"]
[WhiteElo "2559"]
[BlackElo "2417"]
[TimeControl "180+1"]
[EndTime "11:48:04 PDT"]
[Termination "ditkin25 won by checkmate"]

1. e4 c6 2. d4 d5 3. exd5 cxd5 4. c4 Nf6 5. Nc3 e6 6. Nf3 Bb4 7. cxd5 Nxd5 8. Bd2 Nc6 9. Bd3 O-O 10. O-O Be7 11. a3 Nf6 12. Bg5 Nd5 13. Bd2 Nf6 14. Bf4 b6 15.
Qe2 Nxd4 16. Nxd4 Qxd4 17. Be5 Qg4 18. f3 Qh5 19. g4 Qh3 20. g5 Nd7 21. Be4 Nxe5 22.
Bxa8 Ng6 23. f4 Ba6 24. Qxa6 Rxa8 25. Qe2 h6 26. Qf3 Qxf3 27. Rxf3 hxg5 28. fxg5 Bxg5 29. Rd1 Rc8 30. Ne4 Be7 31. Rg3 Ne5 32. Rg2 f5 33. Nf2 Rc2 34. Nd3 Nf3+ 35. Kf1 Nxh2+ 36. Kg1 Nf3+ 37.
Kf1 Nh2+ 38. Kg1 Nf3+ 39. Kh1 Rc4 40. Nf4 Rxf4 41. Rg3 Bf6 42. Rd6 Kf7 43. Rd7+ Ke8 44. Rxa7 Rh4+ 45. Kg2 Ng5 46. Rd3 Ne4 47. Rd1 Rg4+ 48.
Kf3 Rg3+ 49. Ke2 g5 50. Rh1 Rg2+ 51. Kf1 Rf2+ 52. Ke1 Rxb2 53. Rhh7 Bc3+ 54. Kd1 Nf2+ 55. Kc1 Nd3+ 56. Kd1 Rd2# 0-1

[Event "*** SCC Grand Prix: Titled Tuesday Blitz"]
[Site "Chess.com"]
[Date "2020.07.14"]
[Round "9"]
[White "Vse_po_kaify"]
[Black "snap_man"]
[Result "0-1"]
[WhiteElo "2021"]
[BlackElo "2311"]
[TimeControl "180+1"]
[EndTime "11:48:07 PDT"]
[Termination "snap_man won on time"]

1. e4 c6 2. d4 d5 3. e5 Bf5 4.
Nd2 e6 5. Nb3 Ne7 6. Nf3 Nc8 7.
Be2 Be7 8. O-O O-O 9. h3 a6 10. a4 Nd7 11. a5 c5 12. c3 Na7 13.
Be3 Rc8 14. dxc5 Nxc5 15. Nbd4 Nc6 16. Nxf5 exf5 17. Nd4 Nxd4 18. Bxd4 Qd7 19. f4 Ne4 20.
Bd3 Rc6 21. Bxe4 dxe4 22. Qe2 f6 23. g4 fxe5 24. Bxe5 fxg4 25. hxg4 Rg6 26. g5 Bxg5 27. fxg5 Rxg5+ 28. Kh2 Rxe5 29. Rxf8+ Kxf8 30. Rf1+ Kg8 31. Qc4+ Qe6 32. Qb4 Qh6+ 33. Kg3 Rg5+ 34. Kf2 Qh2+ 35.
Ke1 Qg3+ 36. Kd1 Qd3+ 37. Ke1 Qe3+ 38. Kd1 Rd5+ 39. Kc2 Qe2+ 40. Kb3 Qxf1 41. Qe7 Qb5+ 42. Kc2 Qd3+ 43. Kb3 Rb5+ 44. Ka3 Rxa5+ 45. Kb3 Qb5+ 46.
Kc2 Qa4+ 47. Kd2 Rd5+ 48. Ke3 Qd7 0-1

[Event "*** SCC Grand Prix: Titled Tuesday Blitz"]
[Site "Chess.com"]
[Date "2020.07.14"]
[Round "9"]
[White "Jumbo"]
[Black "praveenb2002"]
[Result "0-1"]
[WhiteElo "2846"]
[BlackElo "2738"]
[TimeControl "180+1"]
[EndTime "11:48:09 PDT"]
[Termination "praveenb2002 won by checkmate"]

1. d4 Nf6 2. Bf4 g6 3. e3 Bg7 4. Nf3 O-O 5. Be2 d6 6. h3 Nbd7 7. O-O b6 8. c4 Bb7 9. Qc2 Re8 10. Nc3 e5 11. Bh2 exd4 12. Nxd4 Ne4 13. Nd5 b5 14.
Rad1 bxc4 15. Bxc4 c6 16. Nf4 d5 17. Bb3 Ndc5 18. Rfe1 Nxb3 19. Nxb3 Qb6 20. Nd3 Bf8 21. f3 Nf6 22. Be5 Nd7 23. Bd4 Qc7 24. Nbc5 Nb6 25.
b3 Bc8 26. Qf2 a5 27. e4 dxe4 28. Nxe4 Nd5 29. Ba1 Bg7 30. Bxg7 Kxg7 31. Qd4+ f6 32. Rc1 Be6 33. Rc5 Qd7 34. Rec1 Rac8 35. Rxa5 Bf7 36.
Ra7 Rc7 37. Rxc7 Qxc7 38. Nb4 Nxb4 39. Qxb4 Qa7+ 40. Kh1 Qxa2 41. Rxc6 Qa1+ 42. Kh2 Qe5+ 43. Kg1 Qa1+ 44. Kf2 Qb2+ 45. Qd2 Qxb3 46. Nxf6 Re6 47.
Rxe6 Bxe6 48. Ne4 Qb6+ 49. Kg3 Qc7+ 50. f4 Bf5 51. Qd4+ Kh6 52. Ng5 Qb7 53. Kh4 Qc7 54. g4 Bc8 55. Qh8 Qe7 56. Qg8 Qe1# 0-1

[Event "*** SCC Grand Prix: Titled Tuesday Blitz"]
[Site "Chess.com"]
[Date "2020.07.14"]
[Round "9"]
[White "ENEASZ"]
[Black "MIlorenzana271"]
[Result "1-0"]
[WhiteElo "2589"]
[BlackElo "2411"]
[TimeControl "180+1"]
[EndTime "11:48:10 PDT"]
[Termination "ENEASZ won on time"]

1. e4 c5 2. c3 Nf6 3. e5 Nd5 4. d4 cxd4 5. cxd4 e6 6. Nf3 b6 7.
Nc3 Bb7 8. Bd3 Be7 9. O-O f5 10. exf6 Nxf6 11. Re1 O-O 12. Bg5 Na6 13. Ne5 Nb4 14.
Bb1 Nbd5 15. Nxd5 Bxd5 16. Qd3 g6 17. Nxg6 Rf7 18. Nxe7+ Qxe7 19. Re3 Rg7 20. Rg3 Rf8 21. Qd2 Qf7 22. Bxf6 Qxf6 23. Bd3 Rxg3 24. hxg3 Kh8 25.
Bf1 Rg8 26. a3 Rg4 27. Rc1 Rxd4 28. Rc8+ Kg7 29. Qc3 e5 30. Rc7 Bc6 31. Rxa7 Rd1 32. Qc2 Ra1 33. Qe2 e4 34. Qg4+ Qg6 35. Qe2 Qf5 36.
Kh2 Rb1 37. Rc7 Qe5 38. Ra7 Rxb2 39. Qe3 Qf6 40. Be2 Qh6+ 41. Qxh6+ Kxh6 42. Bg4 Rxf2 43. Bxd7 Bb5 44. Bxb5 e3 45. Re7 Rb2 46. a4 e2 47. Rxe2 Rb4 48. Re6+ Kg7 49. Rxb6 h5 50. Kh3 h4 51. gxh4 Rb3+ 52. g3 Rb4 53. Rb7+ Kf6 54.
Rb6+ Kf5 55. h5 Kg5 56. h6 Rb1 57. Kh2 Rb2+ 58. Kg1 Rb1+ 59. Kf2 Rh1 60. Kg2 1-0

[Event "*** SCC Grand Prix: Titled Tuesday Blitz"]
[Site "Chess.com"]
[Date "2020.07.14"]
[Round "9"]
[White "Canonkasparov"]
[Black "Gusarov91"]
[Result "1-0"]
[WhiteElo "2582"]
[BlackElo "2620"]
[TimeControl "180+1"]
[EndTime "11:48:11 PDT"]
[Termination "Canonkasparov won by resignation"]

1. d4 Nf6 2. Nf3 b5 3. Bg5 Ne4 4. Bh4 Bb7 5. Nbd2 g6 6. e3 a6 7. Nxe4 Bxe4 8. Bd3 Bb7 9. c4 bxc4 10. Bxc4 d5 11. Bd3 Bg7 12. Rc1 O-O 13. Qc2 Nc6 14. a3 Qd7 15. O-O Rfc8 16. Qc5 e5 17. dxe5 Nxe5 18. Nxe5 Bxe5 19. b4 Qd6 20. Bg3 Qf6 21. Bxe5 Qxe5 22. Qd4 Qxd4 23. exd4 c6 24. Rc5 Re8 25.
Rfc1 Re6 26. Kf1 Kf8 27. Ra5 Ke7 28. h3 Kd7 29. Re1 Rxe1+ 30. Kxe1 Kc7 31. Kd2 Kb6 32. Rc5 Re8 33. a4 h5 34. a5+ Kc7 35. Rc1 Kd6 36. Re1 Rxe1 37. Kxe1 g5 38. g3 h4 39. gxh4 gxh4 40. Ke2 Bc8 41. Kf3 Ke7 42. Kf4 Bxh3 43. Bxa6 Bd7 44. Bf1 Kd6 45. Kg5 h3 46. Kh4 h2 47. Bg2 Kc7 48. Kg3 h1=Q 49. Bxh1 Kb7 50. b5 cxb5 51. Bxd5+ Ka6 52. Bxf7 Kxa5 53. Kf4 Kb4 54.
Ke5 Kc3 55. d5 b4 56. d6 b3 57. Bxb3 Kxb3 58. f4 Kc4 59. f5 Kc5 60. f6 Be8 61.
Ke6 Kc6 62. Ke7 1-0